 Dungeon Crawl Stone Soup version 0.32-a0-699-g1ee5eff69a (webtiles) character file.

Game seed: 9054759077459015965

2709 BeKind the Frost Mage (level 9, -12/51 HPs)
             Began as an Octopode Ice Elementalist on Mar 13, 2024.
             Was a Follower of Vehumet.
             Mangled by an eight-headed hydra (13 damage)
             ... on level 8 of the Dungeon.
             The game lasted 00:13:14 (6832 turns).

BeKind the Frost Mage (Octopode Ice Elementalist)   Turns: 6832, Time: 00:13:15

Health: -12/51     AC:  8    Str:  7    XL:     9   Next: 66%
Magic:  14/19      EV: 15    Int: 21    God:    Vehumet [*.....]
Gold:   453        SH:  0    Dex: 13    Spells: 14/21 levels left

rFire   . . .        e - +2 dagger (protect)
rCold   . . .        (no shield)
rNeg    . . .        (helmet restricted)
rPois   .            n - amulet of regeneration
rElec   .            (no ring)
rCorr   .            (no ring)
SInv    .            (no ring)
Will    .....        (no ring)
Stlth   +++          (no ring)
HPRegen 1.08/turn    (no ring)
MPRegen 0.16/turn    (no ring)
                     (no ring)

%: no passive effects
@: about to teleport, under a protective aura, freezing walls
A: almost no armour, amphibious, 8 rings, camouflage 1, gelatinous body 1,
(nimble swimmer 1), tentacles
a: Renounce Religion


You were on level 8 of the Dungeon.
You worshipped Vehumet.
Vehumet was aware of your devotion.
You visited 1 branch of the dungeon, and saw 8 of its levels.

You collected 453 gold pieces.

Inventory:

Hand Weapons
 c - a +0 dagger
 e - a +2 dagger of protection (weapon)
Missiles
 q - 2 throwing nets
Jewellery
 n - an amulet of regeneration (around mantle)
Wands
 f - a wand of roots (11)
 s - a wand of charming (18)
Scrolls
 b - a scroll of noise {unknown}
 g - a scroll of summoning {unknown}
 j - 2 scrolls of enchant armour {unknown}
 k - 2 scrolls of teleportation
 l - a scroll of poison {unknown}
 m - 2 scrolls of vulnerability {unknown}
 p - a scroll of amnesia {unknown}
 r - a scroll of fog {unknown}
 t - a scroll of silence {unknown}
 v - 2 scrolls of blinking {unknown}
Potions
 a - a potion of magic
 d - 4 potions of curing
 i - 2 potions of lignification
 o - 2 potions of heal wounds
 u - a potion of ambrosia {unknown}


   Skills:
 + Level 7.5 Dodging
 - Level 2.6 Stealth
 + Level 6.8 Spellcasting
 - Level 3.0 Summonings
 + Level 8.2 Ice Magic


You had 14 spell levels left.
You knew the following spells:

 Your Spells              Type           Power      Damage    Failure   Level
a - Freeze                Ice            100%       1d10      1%          1
b - Frozen Ramparts       Ice            84%        1d13      1%          3
c - Summon Ice Beast      Ice/Summ       30%        N/A       2%          3

Your spell library contained the following spells:

 Spells                   Type           Power      Damage    Failure   Level
 Kiss of Death            Conj/Necr      28%        2d7       9%          1
 Ozocubu's Armour         Ice            42%        N/A       1%          3
 Cigotuvi's Dreadful Rot  Necr/Alch/Air  14%        N/A       14%         2
 Martyr's Knell           Necr/Summ      13%        N/A       43%         4
 Dispel Undead            Necr           7%         3d8       65%         4


Dungeon Overview and Level Annotations

Branches:
Dungeon (8/15)             Temple (0/1) D:6
   Lair: D:8-11

Altars:
Cheibriados
Hepliaklqana
Trog
Uskayaw
Vehumet
Zin

Shops:
D:5 [

Portals:
Abyss: D:3

Annotations:
D:3 2 transporters, Charlie33ad's ghost, amateur SpHu
D:7 Menkaure


Innate Abilities, Weirdness & Mutations

You cannot wear most types of armour.
You are amphibious.
You can wear up to eight rings at the same time.
Your skin changes colour to match your surroundings (Stealth+).
Your rubbery body absorbs attacks. (AC +1, EV +1)
((You are camouflaged when in or above water. (Stealth+)))
You have tentacles for arms and can constrict up to eight enemies at once.


Message History

The wyvern misses you.
You hit the wyvern.
The wyvern is heavily wounded.
The wall freezes the bullfrog.
The bullfrog seems to slow down.
The wall freezes the laughing skull.
The wall freezes the bullfrog!
You kill the bullfrog!
Vehumet accepts your kill.
The wall freezes the wyvern.
The wyvern bites you.
The wall freezes the eight-headed hydra.
The eight-headed hydra closely misses you.
The eight-headed hydra misses you. The eight-headed hydra bites you!
The eight-headed hydra bites you.
The eight-headed hydra bites you but does no damage.
The eight-headed hydra misses you.
The eight-headed hydra bites you but does no damage.
The eight-headed hydra bites you!
* * * LOW HITPOINT WARNING * * *
The wall freezes the laughing skull.
Okay, then.
As you read the scroll of fear, it crumbles to dust.
You assume a fearsome visage.
The laughing skull is unaffected.
The troll looks frightened!
The eight-headed hydra looks frightened!
The wyvern looks frightened!
The orc priest looks frightened!
The wall freezes the wyvern.
Your attack snaps the wyvern out of its fear.
The wyvern barely misses you.
The wall freezes the laughing skull.
The wall freezes the orc priest!
Your attack snaps the orc priest out of its fear.
The wall freezes the eight-headed hydra!
Your attack snaps the eight-headed hydra out of its fear.
The eight-headed hydra seems to slow down.
The eight-headed hydra bites you!
* * * LOW HITPOINT WARNING * * *
The eight-headed hydra bites you but does no damage.
The eight-headed hydra barely misses you.
The eight-headed hydra misses you. The eight-headed hydra bites you.
* * * LOW HITPOINT WARNING * * *
The eight-headed hydra misses you. The eight-headed hydra bites you!
You die...

#..........#.~.)≈..~..~ .....
#.........##..~.)≈~..~. #...#
#........#...########. #....
##.......#...##.ß..ß.## #...
#........#.~##...^.[.)## #...
#.......##.##.^######..## ##..
#...#...#..#..##.≈≈.##..# ##.
#...#..##.##.##≈T...≈##.## #.
#......'#.#.Y@kz#⌠=#. #..# ##
#......##.#..#Do#>.#. #..# .
#......##.##.##§$...≈##.## ..
#########.##..#..##.≈≈.##).# ..
...######.###.#...######...# ..
##.#......#.#.~##........##..#.#
#.#........##..##.ß^.ß.## .##.##
##.#.........#...########.
.#....
.............##..~..~≈..≈.
##....


You could see an eight-headed hydra (slow), a troll (fleeing), a wyvern (ally
target), a laughing skull, an orc priest and a friendly ice beast (summoned).

Vanquished Creatures
  A wyvern (D:8)
  2 orc warriors (D:8)
  An ogre (D:6)
  A centaur (D:8)
  A phantom (D:4)
  A kobold brigand (D:7)
  5 bullfrogs
  A gnoll sergeant (D:8)
  5 wights
  An electric eel (D:6)
  2 bombardier beetles (D:3)
  5 orc priests
  3 hounds
  3 jellies
  2 iguanas (D:5)
  A sleepcap (D:5)
  8 orc wizards
  2 gnolls (D:5)
  7 adders
  5 dart slugs
  4 ribbon worms
  15 orcs
  7 ball pythons
  8 bats
  2 endoplasms
  2 giant cockroaches
  4 goblins
  4 hobgoblins
  3 jackals (D:1)
  5 kobolds
  6 quokkas
  5 frilled lizards
  10 rats
  A spectral hobgoblin (D:2)
133 creatures vanquished.

Vanquished Creatures (collateral kills)
  A cyclops (D:8)
  An ice beast (D:6)
  A howler monkey (D:8)
  A gnoll (D:5)
  7 orcs
11 creatures vanquished.

Grand Total: 144 creatures vanquished

Notes
Turn   | Place    | Note
-------+----------+-------------------------------------------
     0 | D:1      | BeKind the Octopode Ice Elementalist began the quest for
                  | the Orb.
     0 | D:1      | Reached XP level 1. HP: 11/11 MP: 3/3
   104 | D:1      | Reached XP level 2. HP: 2/17 MP: 1/5
   518 | D:1      | Reached XP level 3. HP: 18/21 MP: 6/6
  1103 | D:2      | Learned a level 3 spell: Frozen Ramparts
  1118 | D:2      | Reached XP level 4. HP: 27/27 MP: 6/8
  1273 | D:2      | Found a faded altar of an unknown god.
  1308 | D:2      | Reached XP level 5. HP: 26/31 MP: 5/9
  1596 | D:2      | Reached skill level 5 in Ice Magic
  2420 | D:3      | Found a transporter.
  2545 | D:3      | Found a transporter.
  2546 | D:3      | Noticed a small abomination
  2576 | D:3      | Found a one-way gate to the infinite horrors of the Abyss.
  2576 | D:3      | Noticed Charlie33ad's ghost (amateur SpHu)
  2596 | D:3      | Reached XP level 6. HP: 33/36 MP: 5/11
  3042 | D:4      | Found a radiant altar of Vehumet.
  3349 | D:4      | Became a worshipper of Vehumet
  3627 | D:4      | Reached XP level 7. HP: 38/41 MP: 8/13
  3631 | D:4      | Learned a level 3 spell: Summon Ice Beast
  3844 | D:5      | Entered Level 5 of the Dungeon
  4231 | D:5      | Found a snail-covered altar of Cheibriados.
  4231 | D:5      | Found a hazy altar of Hepliaklqana.
  4244 | D:5      | Found Diecalano's Armour Shop.
  4279 | D:5      | Reached skill level 1 in Summonings
  4940 | D:5      | Reached skill level 6 in Ice Magic
  4968 | D:6      | Found a glowing silver altar of Zin.
  5038 | D:6      | Reached skill level 5 in Dodging
  5213 | D:6      | Found a bloodstained altar of Trog.
  5216 | D:6      | Found a hide-covered altar of Uskayaw.
  5226 | D:6      | Reached XP level 8. HP: 18/46 MP: 11/15
  5389 | D:6      | Found a staircase to the Ecumenical Temple.
  5698 | D:7      | Reached skill level 5 in Spellcasting
  5755 | D:7      | Noticed a boulder beetle
  5886 | D:7      | Noticed Menkaure
  5886 | D:7      | Noticed a boulder beetle
  6298 | D:8      | Reached skill level 7 in Ice Magic
  6372 | D:8      | Reached * piety under Vehumet
  6372 | D:8      | Offered knowledge of Kiss of Death by Vehumet.
  6412 | D:8      | Noticed a cyclops
  6426 | D:8      | Killed a cyclops
  6427 | D:8      | Reached XP level 9. HP: 9/51 MP: 6/18
  6673 | D:8      | Reached skill level 8 in Ice Magic
  6825 | D:8      | Noticed an eight-headed hydra
  6828 | D:8      | Noticed a troll
  6832 | D:8      | HP: 1/51 [eight-headed hydra (3)]
  6832 | D:8      | Mangled by an eight-headed hydra

Illustrated notes

Levels and vault maps discovered:
D:1:      roderic_dead_forest, layout_basic
D:2:      layout_basic, dreamdust_ecumenical_altar_drowned_temple,
          serial_corexii_hall, corexii_hall_statues_s,
          corexii_hall_statues_deadend, corexii_hall_statues_x,
          corexii_hall_statues_l, minmay_tripent
D:3:      layout_rooms, gammafunk_ghost_abyssal_escape, minmay_bisected
D:4:      layout_basic, mainiacjoe_overflow_24_doors
D:5:      layout_loops_corners, gammafunk_temple_overflow_elements,
          serial_shops, nicolae_take_the_stairs
D:6:      layout_rooms, mainiacjoe_overflow_tiny_flanked,
          nicolae_overflow_squiral, temple_hall, dk_rats_in_the_wall
D:7:      layout_basic, makhleb_blood_cavern_becter,
          nicolae_yredelemnul_corpse_copse, mainiacjoe_overflow_six_doors_small,
          minmay_shattered_shrine, uniq_menkaure
D:8:      layout_basic, marbit_many_paths, nzn_random_ring

Skill      XL: |  1  2  3  4  5  6  7  8  9 |
---------------+----------------------------+-----
Dodging        | 3 4 5 6 7 |  7.5
Spellcasting   | 3 4 6 |  6.8
Ice Magic      | 5 6 7 8 |  8.2
Summonings     | 2 3 |  3.0
Stealth        | |  2.6

Action                     |  1- 3 |  4- 6 |  7- 9 || total
---------------------------+-------+-------+-------++-------
  Melee: Unarmed           |    16 |       |       ||    16
         Constrict         |    16 |    20 |    23 ||    59
         Tentacles         |     9 |    16 |    34 ||    59
         Dagger            |    30 |    80 |   104 ||   214
   Cast: Freeze            |     6 |    19 |    14 ||    39
         Frozen Ramparts   |       |     8 |    15 ||    23
         Summon Ice Beast  |       |       |    22 ||    22
    Use: Scroll            |       |     2 |     2 ||     4
         Potion            |       |       |     5 ||     5
   Stab: Sleeping          |     6 |    14 |     6 ||    26
         Distracted        |       |       |     1 ||     1
 Armour: Skin              |    23 |    54 |    88 ||   165
  Dodge: Dodged            |    38 |    48 |   116 ||   202

Table legend: (Time is in decaauts)
 A = Elapsed time spent in this place.
 B = Non-inter-level travel time spent in this place.
 C = Inter-level travel time spent in this place.
 D = Time resting spent in this place.
 E = Time spent auto-exploring this place.
 F = Levels seen in this place.
 G = Mean time per level.
                   A        B        C        D        E       F      G
               +--------+--------+--------+--------+--------+-----+--------+
         Total |   6812 |   6195 |    617 |    397 |   4723 |   8 |  851.5 |
       Dungeon |   6812 |   6195 |    617 |    397 |   4723 |   8 |  851.5 |
               +--------+--------+--------+--------+--------+-----+--------+

Top non-repeatable levels by time:
     D:2: 1268 daAuts
     D:5: 1105 daAuts
     D:1: 1087 daAuts
     D:4: 858 daAuts
     D:6: 674 daAuts
     D:3: 627 daAuts
     D:7: 619 daAuts
     D:8: 571 daAuts
